 Dungeon Crawl Stone Soup version 0.27.1-3-gb3d3a73c9e (webtiles) character file.

Game seed: 11500351164980832759

38 Urokeeper the Sneak (level 3, 0/18 HPs)
             Began as a Spriggan Brigand on Oct 5, 2021.
             Slain by a worm (2 damage)
             ... on level 2 of the Dungeon.
             The game lasted 00:03:03 (1273 turns).

Urokeeper the Sneak (Spriggan Brigand)              Turns: 1273, Time: 00:03:04

Health: 0/18       AC:  3    Str:  7    XL:     3   Next: 25%
Magic:  4/4        EV: 17    Int: 12    God:
Gold:   40         SH:  0    Dex: 17    Spells: 2/2 levels left

rFire    . . .     SeeInvis +   a - +2 dagger
rCold    . . .     Faith    .   (shield restricted)
rNeg     . . .     Spirit   .   b - +0 robe
rPois    .         Reflect  .   (helmet restricted)
rElec    .         Harm     .   c - +0 cloak
rCorr    .         Rampage  .   (gloves unavailable)
Will     .....                  (boots unavailable)
Stlth    +++.......             (no amulet)
HPRegen  0.06/turn              (no ring)
MPRegen  0.09/turn              (no ring)

@: very quick
A: very small, no large weapons, unfitting armour, see invisible, speed 3
a: no special abilities


You were on level 2 of the Dungeon.
You visited 1 branch of the dungeon, and saw 2 of its levels.

You collected 40 gold pieces.

Inventory:

Hand Weapons
 a - a +2 dagger (weapon)
Missiles
 d - 7 poisoned darts (quivered)
 e - 2 curare-tipped darts
Armour
 b - a +0 robe (worn)
 c - a +0 cloak (worn)
Scrolls
 f - 2 scrolls of identify {unknown}
 h - a scroll of blinking {unknown}
Potions
 g - a potion of heal wounds {unknown}


   Skills:
 + Level 2.0 Fighting
 + Level 2.8 Short Blades
 - Level 2.0 Throwing
 + Level 2.3 Dodging
 + Level 6.3 Stealth


You had 2 spell levels left.
You didn't know any spells.
Your spell library was empty.

Dungeon Overview and Level Annotations

Branches:
Dungeon (2/15)

Altars:


Innate Abilities, Weirdness & Mutations

You are very small and have problems with some larger weapons.
You are too small for most types of armour.
You have supernaturally acute eyesight. (SInv)
You cover ground extremely quickly. (Speed+++)


Message History

You completely miss the worm.
The worm is moderately wounded.
You hit the worm.
The worm is moderately wounded.
The worm misses you.
You completely miss the worm.
The worm is moderately wounded.
The worm completely misses you.
You hit the worm.
The worm is moderately wounded.
You hit the worm.
The worm is moderately wounded.
The worm bites you!
* * * LOW HITPOINT WARNING * * *
You are too injured to fight recklessly!
You are too injured to fight recklessly!
There is an open door here.
You start resting.
A worm is nearby!
Throw: 8 darts (poison)
Press: ? - help, Q - select action, (/) - cycle Shift-Dir - straight line, f - worm
Aim: a worm (wandering, hasn't noticed you, 79% to hit)
You throw a poisoned dart. The poisoned dart hits the worm.
The worm is poisoned.
You start resting.
A worm is nearby!
The worm bites you.
* * * LOW HITPOINT WARNING * * *
You hit the worm.
The worm is lightly wounded.
You hit the worm.
The worm is moderately wounded.
The worm bites you.
* * * LOW HITPOINT WARNING * * *
You hit the worm.
The worm is moderately wounded.
You hit the worm.
The worm is heavily wounded.
The worm bites you.
You die...

..##.# #...# #.......#
#.##.# #...#####.......#
#.##.###..........######
#.##...+....#######
.....###....#
.....+.'....#
.....###...###############
.....#
#.................##
.....#
#.......w@.........#
######
#...................#
##+#.....########....#
######.......# ####
#....(.####+## #......#
#...†..### #......'.#
#......#.# ..#


You could see a worm.

Vanquished Creatures
  An adder (D:2)
  A dart slug (D:2)
  2 endoplasms (D:1)
  A giant cockroach (D:1)
  3 goblins (D:1)
  4 hobgoblins
  3 quokkas
  2 bats (D:1)
  3 kobolds
  6 rats
26 creatures vanquished.

Notes
Turn   | Place    | Note
-------+----------+-------------------------------------------
     0 | D:1      | Urokeeper the Spriggan Brigand began the quest for the Orb.
     0 | D:1      | Reached XP level 1. HP: 10/10 MP: 2/2
   235 | D:1      | Reached skill level 6 in Stealth
   249 | D:1      | Reached XP level 2. HP: 15/15 MP: 3/3
   746 | D:2      | Reached XP level 3. HP: 2/18 MP: 4/4
  1273 | D:2      | Slain by a worm

Illustrated notes

Levels and vault maps discovered:
D:1:      lightli_arrival_noodles, layout_rooms
D:2:      layout_basic, kennysheep_cross_room, uniq_jessica, uniq_natasha

Skill      XL: |  1  2 |
---------------+-------+-----
Stealth        | 6 |  6.3
Dodging        | 2 |  2.3
Fighting       | 2 |  2.0
Short Blades   | |  2.8
Throwing       | |  2.0

Action                   || total
-------------------------++-------
Melee: Dagger            ||   120
Throw: Dart              ||     4
 Stab: Sleeping          ||     4
       Distracted        ||     1
Armor: Robe              ||     8
Dodge: Dodged            ||    66
